 Dungeon Crawl Stone Soup version 0.28.0-53-g5a82cb258f (webtiles) character file.

Game seed: 2277867714581268472

36681 Peloso the Fencer (level 13, -2/119 HPs)
             Began as a Minotaur Fighter on June 8, 2022.
             Was a High Priest of Okawaru.
             Slain by a naga
             ... wielding a +0 scimitar
              (14 damage)
             ... on level 2 of the Lair of Beasts.
             The game lasted 00:44:59 (21674 turns).

Peloso the Fencer (Minotaur Fighter)               Turns: 21674, Time: 00:45:00

Health: -2/119     AC: 28    Str: 24    XL:     13   Next: 54%
Magic:  11/13      EV:  8    Int:  5    God:    Okawaru [*****.]
Gold:   118        SH:  5    Dex: 12    Spells: 12/12 levels left

rFire   + . .      SeeInvis .   b - +0 great sword (flame)
rCold   + . .      Faith    .   (shield currently unavailable)
rNeg    . . .      Spirit   .   v - +10 plate armour "Toimaih" {Harm Will++}
rPois   .          Reflect  +   (helmet restricted)
rElec   .          Harm     +   L - scarf {rC+ rF+}
rCorr   +          Rampage  .   (no gloves)
Will    ++...                   (no boots)
Stlth   ..........              f - amulet of reflection
HPRegen 0.29/turn               x - ring of resist corrosion
MPRegen 0.13/turn               O - +4 ring of slaying

@: lethally poisoned (-2 -> -5), heroic, constricted
A: horns 2, retaliatory headbutt
a: Renounce Religion, Heroism, Finesse, Duel


You were on level 2 of the Lair of Beasts.
You worshipped Okawaru.
Okawaru was extremely pleased with you.
You visited 4 branches of the dungeon, and saw 18 of its levels.
You also visited: Ossuary.

You collected 1690 gold pieces.
You spent 1572 gold pieces at shops.

Inventory:

Hand Weapons
 a - a +0 double sword of venom
 b - a +0 great sword of flaming (weapon)
Armour
 c - a +0 buckler
 h - a +0 chain mail of poison resistance
 v - the +10 plate armour "Toimaih" (worn) {Harm Will++}
   (You bought it in a shop on level 2 of the Orcish Mines)

   Harm:      It increases damage dealt and taken.
   Will:      It greatly increases your willpower.
 y - the +4 chain mail of the Morning Star {*Corrode *Slow rF+++ rN+}
   (You bought it in a shop on level 2 of the Orcish Mines)

   rF:        It renders you almost immune to fire.
   rN:        It protects you from negative energy.
   *Corrode:  It may corrode you when you take damage.
   *Slow:     It may slow you when you take damage.
 J - the +2 pair of boots of Okawaru's Generosity {Rampage Drain Str+10 Dex-5}
   (Okawaru gifted it to you on level 2 of the Lair of Beasts)

   Str:       It affects your strength (+10).
   Dex:       It affects your dexterity (-5).
   Drain:     It drains your maximum health when unequipped.
   Rampage:   It bestows one free step when moving towards enemies.
 L - a scarf of resistance (worn)
 N - +1 acid dragon scales
 T - a +3 chain mail
Jewellery
 e - a +6 ring of intelligence
 f - an amulet of reflection (around neck)
 n - a ring of magical power
 x - a ring of resist corrosion (left hand)
 B - an amulet of the acrobat
 F - a +6 ring of strength
 I - a ring of positive energy
 O - a +4 ring of slaying (right hand)
Wands
 D - a wand of mindburst (15)
 M - a wand of flame (43)
 P - a wand of polymorph (12)
 R - a wand of paralysis (2)
Scrolls
 g - 2 scrolls of fog {unknown}
 i - a scroll of acquirement {unknown}
 j - 5 scrolls of amnesia
 k - 3 scrolls of immolation
 l - 4 scrolls of teleportation
 m - a scroll of noise
 z - 2 scrolls of magic mapping
 C - 2 scrolls of enchant armour
 E - 2 scrolls of summoning
 G - a scroll of brand weapon {unknown}
 H - a scroll of enchant weapon {unknown}
 K - 2 scrolls of holy word
Potions
 d - 6 potions of might
 o - 3 potions of flight
 p - 5 potions of attraction
 q - 5 potions of curing
 r - a potion of lignification
 s - 4 potions of cancellation
 t - 9 potions of ambrosia
 u - 2 potions of berserk rage
 w - a potion of magic
 A - 2 potions of haste


   Skills:
 + Level 12.3(17.3) Fighting
 + Level 16.4(21.4) Long Blades
 + Level 13.2(18.2) Armour
 + Level 5.3(10.3) Dodging
 + Level 1.6(6.6) Stealth
 + Level 13.4(18.4) Shields
 + Level 2.6 Invocations
 + Level 1.3 Evocations


You had 12 spell levels left.
You didn't know any spells.
Your spell library contained the following spells:

 Spells                   Type           Power      Damage    Failure   Level
 Freeze                   Ice            0%         1d3       98%         1
 Magic Dart               Conj           0%         1d3       98%         1
 Slow                     Hex            0%         N/A       98%         1
 Scorch                   Fire           0%         2d5       99%         2
 Searing Ray              Conj           0%         2d4       99%         2
 Confusing Touch          Hex            0%         N/A       100%        3
 Frozen Ramparts          Ice            0%         1d2       100%        3
 Vampiric Draining        Necr           0%         2d6       100%        3
 Flame Wave               Conj/Fire      0%         2d4       100%        4
 Fulminant Prism          Conj/Hex       0%         3d6       100%        4
 Hailstorm                Conj/Ice       0%         3d3       100%        4
 Borgnjor's Vile Clutch   Necr/Erth      0%         N/A       100%        5
 Animate Dead             Necr           Unusable   N/A       N/A         4
 Death Channel            Necr           Unusable   N/A       N/A         6
 Summon Cactus Giant      Summ           Unusable   N/A       N/A         6

Dungeon Overview and Level Annotations

Branches:
Dungeon (13/15)            Temple (1/1) D:5            Lair (2/6) D:11
    Orc (2/2) D:11            Elf (0/3) Orc:2       Ossuary (visited)
  Swamp: Lair:2-4    Shoals: Lair:2-4     Snake: Lair:2-4    Spider: Lair:2-4
 Vaults: D:13-14

Altars:
Ashenzari
Cheibriados
Dithmenos
Elyvilon
Fedhas
Gozag
Hepliaklqana
Kikubaaqudgha
Makhleb
Nemelex Xobeh
Okawaru
Qazlal
Ru
Sif Muna
Trog
Uskayaw
Vehumet
Wu Jian
Xom
Yredelemnul
Zin
The Shining One
Beogh

Shops:
D:2 (   D:4 *   D:6 *   D:8 *   D:10 **   Orc:1 *   Orc:2 :[[=

Annotations:
D:4 1 runed translucent door, Infinimo's ghost, novice OgGl
D:7 3 runed translucent doors, Tali's ghost, novice DsBe
D:12 Rupert


Innate Abilities, Weirdness & Mutations

You have a pair of horns on your head.
You reflexively headbutt those who attack you in melee.


Message History

A komodo dragon comes into view.
You block the naga's attack. The naga grabs you. The naga constricts you.
Unknown command.
You hit the naga but do no damage.
You feel sick.
Unknown command.
You hit the naga but do no damage. Your headbutt misses the naga.
You feel sick.
The naga hits you with a +0 short sword!
The naga constricts you.
You slice the naga!! You burn the naga!
You kill the naga!
Okawaru accepts your kill.
You feel sick. The naga spits poison at you. The splash of poison hits you.
You are more poisoned.
* * * LOW HITPOINT WARNING * * *
You barely miss the komodo dragon.
You feel sick. The komodo dragon bites you.
* * * LOW HITPOINT WARNING * * *
Unknown command.
You gain the combat prowess of a mighty hero.
You feel sick. The naga misses you. The naga grabs you.
The naga constricts you.
* * * LOW HITPOINT WARNING * * *
The komodo dragon closely misses you.
You slice the komodo dragon!! You burn the komodo dragon.
The komodo dragon is almost dead.
You feel sick. The naga barely misses you. The naga constricts you.
Unknown command.
You slice the komodo dragon!! You burn the komodo dragon.
You kill the komodo dragon!
Okawaru accepts your kill.
You feel sick. The naga hits you with a +0 scimitar!
* * * LOW HITPOINT WARNING * * *
The naga constricts you.
* * * LOW HITPOINT WARNING * * *
You barely miss the naga. You headbutt the naga.
The naga is moderately wounded.
The naga hits you with a +0 scimitar!
You die...

....# ....## ....§
#... #..# #. ##..#
#.. #...# .#
#.<###††N# ..#
#...###.@# ...#
##...##.†)###
#...###....#......##
#.................##
#..<.......†......#
#.............#....#
#............####.?
#####............#
#.
........###....###


You could see a naga.

Vanquished Creatures
  Snorg (D:12)
  Harold (D:7)
  2 hydras
  2 boulder beetles
  A death knight (D:11)
  2 two-headed ogres
  Urug (D:13)
  A tengu warrior (D:11)
  5 orc high priests (Orc:2)
  Sonja (D:10)
  2 orc knights
  A cyclops (D:12)
  2 orc sorcerers (Orc:2)
  An ugly thing (D:11)
  3 slime creatures
  2 black mambas
  Maurice (D:11)
  A gargoyle (D:12)
  A kobold demonologist (D:9)
  5 cane toads
  A rime drake (Lair:2)
  Maggie (D:9)
  An unseen horror (D:11)
  9 komodo dragons
  A tengu conjurer (D:13)
  5 trolls
  A queen bee (D:10)
  Prince Ribbit (D:8)
  3 blink frogs (Lair:2)
  A meliai zombie (D:11)
  2 wraiths
  4 wyverns
  26 yaks
  Grum (D:8)
  A steam dragon (D:8)
  4 wargs (Orc:2)
  A naga (Lair:2)
  4 water moccasins
  13 orc warriors
  A sky beast (D:8)
  7 ogres
  3 black bears
  2 necrophages (D:6)
  12 wolves
  2 phantoms (D:6)
  4 centaurs
  A kobold brigand (D:8)
  5 bullfrogs
  2 gnoll sergeants
  2 wyvern zombies (Ossuary)
  4 scorpions
  2 water moccasin zombies (Ossuary)
  A wyvern skeleton (D:6)
  23 killer bees (D:10)
  3 howler monkeys
  4 wights (D:7)
  5 bullfrog zombies
  8 centaur zombies
  A gnoll shaman (Orc:1)
  37 orc priests
  A bullfrog skeleton (D:5)
  3 jellies
  A centaur skeleton (D:5)
  2 iguanas (D:6)
  16 mummies (Ossuary)
  16 orc wizards
  4 killer bee zombies
  2 howler monkey zombies (Ossuary)
  13 gnolls
  6 adders
  An ufetubus (D:7)
  An adder skeleton (D:4)
  A dart slug (D:4)
  91 orcs
  10 endoplasms
  4 giant cockroaches
  11 hobgoblins
  8 jackals (D:2)
  16 kobolds
  2 quokkas
  7 ball pythons
  7 bats
  5 frilled lizards
  7 goblins
  2 quokka zombies (D:5)
  5 rats
487 creatures vanquished.

Vanquished Creatures (others)
  A kobold (D:7)
  9 fungi
  17 plants
  6 withered plants (Ossuary)
33 creatures vanquished.

Grand Total: 520 creatures vanquished

Notes
Turn   | Place    | Note
-------+----------+-------------------------------------------
     0 | D:1      | Peloso the Minotaur Fighter began the quest for the Orb.
     0 | D:1      | Reached XP level 1. HP: 19/19 MP: 0/0
   201 | D:1      | Reached XP level 2. HP: 17/27 MP: 1/1
   395 | D:1      | You fall into a shaft and drop 1 floor!
   868 | D:1      | Reached XP level 3. HP: 33/33 MP: 2/2
  1036 | D:1      | Found a faded altar of an unknown god.
  1409 | D:2      | Reached skill level 3 in Long Blades
  1440 | D:2      | Found Ilexki's Antique Weapon Shoppe.
  1622 | D:2      | Reached XP level 4. HP: 41/41 MP: 3/3
  2126 | D:3      | Found a shadowy altar of Dithmenos.
  2258 | D:3      | Found an opulent altar of Gozag.
  2264 | D:3      | Found a stormy altar of Qazlal.
  2369 | D:3      | HP: 2/41 [adder (2)]
  2940 | D:4      | Reached skill level 4 in Long Blades
  2940 | D:4      | Reached XP level 5. HP: 47/47 MP: 4/4
  3008 | D:4      | Found Focotwy's Assorted Antiques.
  3042 | D:3      | Reached skill level 1 in Dodging
  3105 | D:4      | Reached skill level 5 in Fighting
  3105 | D:4      | Reached XP level 6. HP: 30/56 MP: 5/5
  3119 | D:4      | Found a runed translucent door.
  3347 | D:4      | Noticed Infinimo's ghost (novice OgGl)
  3465 | D:4      | Found a sacrificial altar of Ru.
  3868 | D:5      | Entered Level 5 of the Dungeon
  3906 | D:5      | Reached skill level 5 in Long Blades
  3911 | D:5      | Reached skill level 5 in Shields
  4170 | D:5      | Found a sand-covered staircase.
  4221 | Ossuary  | Entered an ossuary
  4305 | Ossuary  | Reached skill level 5 in Armour
  4323 | Ossuary  | Reached XP level 7. HP: 49/61 MP: 6/6
  4343 | Ossuary  | Reached skill level 6 in Long Blades
  4599 | Ossuary  | Reached skill level 7 in Long Blades
  4631 | Ossuary  | Reached XP level 8. HP: 43/70 MP: 7/7
  5130 | D:5      | Found a staircase to the Ecumenical Temple.
  5168 | Temple   | Entered the Ecumenical Temple
  5187 | Temple   | Became a worshipper of Warmaster Okawaru
  5238 | D:5      | Reached skill level 8 in Long Blades
  5394 | D:5      | Found an ornate altar of the Wu Jian Council.
  5987 | D:6      | Found Odyal's Assorted Antiques.
  6219 | D:2      | Bought a runed falchion for 156 gold pieces
  6316 | D:6      | Found a burning altar of Makhleb.
  6436 | D:6      | Reached * piety under Okawaru
  6437 | D:6      | Reached skill level 9 in Long Blades
  6612 | D:6      | Reached XP level 9. HP: 72/78 MP: 8/8
  6725 | D:6      | Found a radiant altar of Vehumet.
  6725 | D:6      | Found a snail-covered altar of Cheibriados.
  6782 | D:6      | Found a glowing golden altar of the Shining One.
  6782 | D:6      | Found a white marble altar of Elyvilon.
  6877 | D:7      | Noticed Harold
  6899 | D:7      | Killed Harold
  7089 | D:7      | Reached ** piety under Okawaru
  7230 | D:7      | Reached skill level 10 in Long Blades
  7391 | D:7      | Found a runed translucent gate.
  7392 | D:7      | Found a runed translucent gate.
  7393 | D:7      | Found a runed translucent gate.
  7398 | D:7      | Found an opulent altar of Gozag.
  7398 | D:7      | Noticed a komodo dragon
  7401 | D:7      | Noticed Tali's ghost (novice DsBe)
  7845 | D:8      | Reached skill level 1 in Stealth
  7959 | D:8      | Identified the +2 leather armour "Rekhus" {rC+ Regen+
                  | Int-5}
  8013 | D:8      | Noticed Grum
  8023 | D:8      | Noticed Prince Ribbit
  8027 | D:8      | Killed Grum
  8056 | D:8      | Reached *** piety under Okawaru
  8079 | D:8      | Killed Prince Ribbit
  8080 | D:8      | Reached XP level 10. HP: 36/86 MP: 9/9
  8325 | D:8      | Found a broken altar of Ashenzari.
  8331 | D:8      | Saw a vision of the Shoals and the Snake Pit.
  8331 | D:8      | Noticed an anaconda
  8331 | D:8      | Noticed a black mamba
  8331 | D:8      | Noticed a sea snake
  8331 | D:8      | Noticed a merfolk siren
  8331 | D:8      | Noticed a merfolk siren
  8332 | D:8      | Noticed a merfolk siren
  8334 | D:8      | Noticed a naga sharpshooter
  8398 | D:8      | Found Caoheyfe's General Store.
  8446 | D:8      | Bought a scroll of identify for 30 gold pieces
  8873 | D:9      | Reached skill level 11 in Long Blades
  9035 | D:9      | Reached **** piety under Okawaru
  9280 | D:9      | Noticed Maggie
  9284 | D:9      | Killed Maggie
  9646 | D:9      | Noticed a rust devil
  9648 | D:9      | Reached skill level 10 in Shields
  9674 | D:10     | Entered Level 10 of the Dungeon
  9802 | D:10     | Found a basalt altar of Yredelemnul.
  9809 | D:10     | Found a sparkling altar of Nemelex Xobeh.
 10207 | D:10     | Noticed Sonja
 10220 | D:10     | Killed Sonja
 10221 | D:10     | Reached skill level 12 in Long Blades
 10288 | D:10     | Found Byeg's Elemental Accessories.
 10294 | D:10     | Noticed a two-headed ogre
 10300 | D:10     | Killed a two-headed ogre
 10300 | D:10     | Reached ***** piety under Okawaru
 10301 | D:10     | Reached XP level 11. HP: 95/95 MP: 10/10
 10353 | D:10     | Found Ihangel's Assorted Antiques.
 10360 | D:10     | Received a gift from Okawaru
 10369 | D:10     | Bought a glowing falchion for 126 gold pieces
 10462 | D:10     | Reached skill level 10 in Armour
 11641 | D:11     | Found a staircase to the Orcish Mines.
 11767 | D:11     | Noticed a tengu warrior
 11768 | D:11     | Noticed Maurice
 11779 | D:11     | Killed a tengu warrior
 11779 | D:11     | Identified the +5 trident of Jaodd {chaos, rN+ Int+2}
                  | (Okawaru gifted it to you on level 11 of the Dungeon)
 11779 | D:11     | Received a gift from Okawaru
 11787 | D:11     | Killed Maurice
 12107 | D:11     | Reached skill level 13 in Long Blades
 12230 | D:11     | Noticed a death knight
 12521 | Orc:1    | Entered Level 1 of the Orcish Mines
 12549 | D:11     | Killed a death knight
 12666 | D:11     | Reached skill level 1 in Invocations
 13238 | D:11     | Found a staircase to the Lair.
 13579 | Lair:1   | Entered Level 1 of the Lair of Beasts
 13623 | Lair:1   | Noticed a five-headed hydra
 13749 | D:12     | Noticed a two-headed ogre
 13756 | D:12     | Killed a two-headed ogre
 13756 | D:12     | Received a gift from Okawaru
 13958 | D:12     | Noticed a boulder beetle
 13975 | D:12     | Killed a boulder beetle
 14187 | D:12     | Noticed Snorg
 14204 | D:12     | Killed Snorg
 14205 | D:12     | Reached XP level 12. HP: 50/106 MP: 3/11
 14521 | D:12     | Noticed Rupert
 14556 | D:11     | Reached skill level 10 in Fighting
 14975 | Orc:2    | Entered Level 2 of the Orcish Mines
 15361 | Orc:1    | Reached skill level 1 in Evocations
 15627 | Orc:2    | Found a staircase to the Elven Halls.
 15781 | Orc:2    | Reached skill level 5 in Dodging
 15817 | Orc:2    | Reached skill level 14 in Long Blades
 16153 | Orc:2    | Noticed an orc high priest
 16162 | Orc:2    | Killed an orc high priest
 16253 | Orc:2    | Noticed an orc high priest
 16663 | Orc:2    | Killed an orc high priest
 16696 | Orc:2    | Noticed an orc high priest
 16705 | Orc:2    | Killed an orc high priest
 16739 | Orc:2    | Found Tierap's Antique Armour Shop.
 16739 | Orc:2    | Found Qosent's Book Emporium.
 16760 | Orc:2    | Noticed an orc high priest
 16790 | Orc:2    | Killed an orc high priest
 16827 | Orc:2    | Noticed an orc high priest
 16837 | Orc:2    | Killed an orc high priest
 16837 | Orc:2    | Received a gift from Okawaru
 17083 | Orc:2    | Paralysed by an orc sorcerer for 4 turns
 17103 | Orc:2    | Received a gift from Okawaru
 17120 | Orc:2    | Reached skill level 15 in Long Blades
 17639 | Orc:2    | Found Opilopok's Jewellery Shop.
 17639 | Orc:2    | Found Emui's Antique Armour Emporium.
 17654 | Orc:2    | Bought a warped plate armour for 728 gold pieces
 17654 | Orc:2    | Identified the +10 plate armour "Toimaih" {Harm Will++}
                  | (You bought it in a shop on level 2 of the Orcish Mines)
 18482 | Orc:2    | Bought a pitted chain mail for 266 gold pieces
 18482 | Orc:2    | Identified the +4 chain mail of the Morning Star {*Corrode
                  | *Slow rF+++ rN+} (You bought it in a shop on level 2 of the
                  | Orcish Mines)
 19220 | Orc:1    | Found Nethrumi's Assorted Antiques.
 19296 | Orc:2    | Bought a scorched chain mail for 266 gold pieces
 19296 | Orc:2    | Identified the +1 chain mail of Dyspraxia {Int+2} (You
                  | bought it in a shop on level 2 of the Orcish Mines)
 19809 | D:13     | Noticed Urug
 19820 | D:13     | Killed Urug
 19981 | D:13     | Noticed a boulder beetle
 19992 | D:13     | Killed a boulder beetle
 19992 | D:13     | Received a gift from Okawaru
 19993 | D:13     | Reached XP level 13. HP: 116/116 MP: 13/13
 20684 | Lair:1   | Reached skill level 16 in Long Blades
 21641 | Lair:2   | Identified the +2 pair of boots of Okawaru's Generosity
                  | {Rampage Drain Str+10 Dex-5} (Okawaru gifted it to you on
                  | level 2 of the Lair of Beasts)
 21641 | Lair:2   | Received a gift from Okawaru
 21674 | Lair:2   | Slain by a naga

Illustrated notes

Levels and vault maps discovered:
D:1:      dpeg_arrival_leaves_temple_mockup, layout_basic,
          shapermc_ecumenical_altar_acropolis, st_stairs_4
D:2:      layout_loops_cross, serial_shops, nicolae_shop_hallway_stairs
D:3:      layout_loops_ring, grunt_dithmenos_smoke,
          amethyst_overflow_temple_binary
D:4:      layout_basic, nicolae_ru_path_of_blood, serial_shops, shop_statue,
          ebering_ghost_sewer_d, roderic_filled_cross, hangedman_decor_points
D:5:      layout_loops_ring, nzn_wu_jian_council_hall,
          minmay_temple_entry_trees, enter_ossuary_4
D:6:      layout_rooms, gammafunk_temple_overflow_wave,
          mainiacjoe_overflow_paths, gammafunk_temple_overflow_statue,
          serial_shops, shop
D:7:      layout_cave_pools, ebering_ghost_gozag, uniq_harold
D:8:      layout_basic, grunt_ashenzari_visionary
          [grunt_ashenzari_visionary_shoals, grunt_ashenzari_visionary_snake],
          serial_shops, nicolae_stop_n_shop_2, uniq_grum, uniq_prince_ribbit1
D:9:      layout_roguey, uniq_maggie
D:10:     layout_small_grid, mainiacjoe_overflow_catwalk, kennysheep_mini_moat,
          special_room [special_room_bee], serial_shops, nicolae_diamond_shop,
          minivault_5, nicolae_elemental_shop, minivault_19,
          minmay_misc_feat_rugged, uniq_sonja
D:11:     layout_loops_ring, david_lair_shrubbed, david_orc_2, minivault_23,
          uniq_maurice
D:12:     layout_grid_maze, uniq_snorg, uniq_rupert
D:13:     nzn_winding_woodlands_large [nzn_winding_woodlands_5x5_closed_star,
          nzn_winding_woodlands_5x15_twine, nzn_winding_woodlands_5x5_three,
          nzn_winding_woodlands_center_triple_pond,
          nzn_winding_woodlands_15x15_thick_spiral,
          nzn_winding_woodlands_center_garden,
          nzn_winding_woodlands_5x5_perimeter,
          nzn_winding_woodlands_5x15_lazy_stream,
          nzn_winding_woodlands_5x5_checkerboard], layout_loops_ring,
          david_vaults_4, uniq_urug
Temple:   jpeg_temple_island
Lair:1:   layout_roguey
Lair:2:   layout_layer_cave, minmay_snake_entry_guardpost_large
Orc:1:    layout_caves, serial_shops, shop_statue, nicolae_orc_damp_corner,
          mines1_david
Orc:2:    st_orc_town, layout_caves

Skill      XL: |  1  2  3  4  5  6  7  8  9 10 11 12 13 |
---------------+----------------------------------------+-----
Shields        | 4 5 6 7 8 10 11 12 13 | 13.4
Fighting       | 4 5 6 7 8 9 11 12 | 12.3
Armour         | 4 5 7 9 11 12 13 | 13.2
Long Blades    | 3 4 5 7 9 10 12 13 15 16 | 16.4
Dodging        | 1 2 3 4 5 |  5.3
Stealth        | 1 |  1.6
Invocations    | 1 2 |  2.6
Evocations     | 1 |  1.3

Action                   |  1- 3 |  4- 6 |  7- 9 | 10-12 | 13-15 || total
-------------------------+-------+-------+-------+-------+-------++-------
Melee: Long sword        |   107 |   186 |   246 |   300 |       ||   839
       Headbutt          |    10 |    17 |    94 |   132 |    41 ||   294
       Falchion          |       |       |   129 |       |       ||   129
       Double sword      |       |       |       |   344 |   102 ||   446
       Great sword       |       |       |       |       |    42 ||    42
Invok: Heroism           |       |       |     3 |    21 |     2 ||    26
       Finesse           |       |       |       |     1 |       ||     1
Evoke: Wand              |       |       |       |    16 |       ||    16
  Use: Potion            |       |     5 |     1 |     7 |       ||    13
       Scroll            |       |     2 |     3 |    17 |       ||    22
Armor: Scale mail        |    18 |       |       |       |       ||    18
       Chain mail        |    47 |    68 |   102 |   172 |       ||   389
       Skin              |       |    13 |       |       |       ||    13
       Plate armour      |       |       |       |    12 |    54 ||    66
Dodge: Dodged            |    36 |    55 |   103 |   190 |    56 ||   440
Block: Buckler           |    53 |   110 |   164 |   370 |    40 ||   737
       Reflection        |       |     2 |     6 |     9 |     1 ||    18
       Other             |       |       |       |       |     7 ||     7
